 Dungeon Crawl Stone Soup version 0.18.1-8-gdd0e5ea (webtiles) character file.

1 matakusis the Sneak (level 1, 0/13 HPs)
             Began as a Vampire Enchanter on June 5, 2016.
             Slain by a hobgoblin
             ... wielding a +0 club
              (3 damage)
             ... on level 1 of the Dungeon.
             The game lasted 00:00:39 (46 turns).

matakusis the Sneak (Vampire Enchanter)               Turns: 46, Time: 00:00:39

Health: 0/13       AC:  3    Str:  7    XL:     1   Next: 16%
Magic:  1/3        EV: 12    Int: 17    God:
Gold:   0          SH:  0    Dex: 14    Spells: 1 memorised, 3 levels left

rFire  . . .     SeeInvis +     a - +1 dagger
rCold  . . .     Gourm    .     b - +1 robe
rNeg   + . .     Faith    .     (no shield)
rPois  .         Spirit   .     (no helmet)
rElec  .         Dismiss  .     (no cloak)
rCorr  .         Reflect  .     (no gloves)
SustAt .         Harm     .     (no boots)
MR     .....                    (no amulet)
Stlth  +++.......               (no ring)
                                (no ring)

@: not resistant to hostile enchantments, fairly stealthy
A: fangs 3, see invisible, unbreathing
a: no special abilities


You were on level 1 of the Dungeon.
You were not thirsty.

You visited 1 branch of the dungeon, and saw 1 of its levels.

Inventory:

Hand Weapons
 a - a +1 dagger (weapon)
Armour
 b - a +1 robe (worn)
Potions
 d - a potion of blood
Books
 c - a book of Maledictions

   Spells                             Type                      Level
   a - Corona                         Hexes                        1
   b - Ensorcelled Hibernation        Hexes/Ice                    2
   c - Confuse                        Hexes                        3
   d - Tukima's Dance                 Hexes                        3
   e - Dazzling Spray                 Conjuration/Hexes            3


   Skills:
 + Level 1.1 Short Blades
 + Level 2.1 Dodging
 * Level 4.5 Stealth
 + Level 2.0 Spellcasting
 + Level 4.4 Hexes


You had 3 spell levels left.
You knew the following spells:

 Your Spells              Type           Power        Failure   Level  Hunger
a - Corona                Hex            ###....      3%          1    #......


Dungeon Overview and Level Annotations

Branches:
Dungeon (1/15)

Altars:


Innate Abilities, Weirdness & Mutations

You have razor-sharp teeth.
You have supernaturally acute eyesight.
You can survive without breathing.


Message History

Aiming: Corona
Press: ? - help, Shift-Dir - straight line, f - bat
Aim: a bat (chance to defeat MR: 85%)
The bat is outlined in light.
The bat barely misses you. The bat hits you.
You closely miss the bat. The bat hits you but does no damage. x2
You hit the bat.
You kill the bat!
Casting: Corona
Confirm with . or Enter, or press ? or * to list all spells.
Aiming: Corona
Press: ? - help, Shift-Dir - straight line, f - hobgoblin
Aim: a hobgoblin, wielding a club (chance to defeat MR: 85%)
The hobgoblin is outlined in light.
The hobgoblin hits you with a club!
Ouch! That really hurt!
* * * LOW HITPOINT WARNING * * *
You barely miss the hobgoblin. The hobgoblin barely misses you.
You hit the hobgoblin but do no damage. You bite the hobgoblin.
The hobgoblin is heavily wounded.
The hobgoblin hits you with a club.
You die...

##.....#..... ##.....$......
#............. ..#.............
..........$....
####################...........
.#V#x#i#m#H#9#6#h#M#...........
#####################..........
................@gg'.!.........
#####################....##....
Q#O#p#g#T#p#a#f#o#n#..#### ##.#
####################?## # ..
#.# #.


You could see a felid, an orc, a hobgoblin and a goblin.

Vanquished Creatures
  A bat (D:1)
1 creature vanquished.

Notes
Turn   | Place    | Note
--------------------------------------------------------------
     0 | D:1      | matakusis the Vampire Enchanter began the quest for the Orb.
     0 | D:1      | Reached XP level 1. HP: 13/13 MP: 3/3
     2 | D:1      | Noticed a demigod
     4 | D:1      | Noticed a centaur
     4 | D:1      | Noticed an elf
     6 | D:1      | Noticed a naga
     6 | D:1      | Noticed a draconian
     8 | D:1      | Noticed a tengu
    10 | D:1      | Noticed a vampire
    10 | D:1      | Noticed an ogre
    12 | D:1      | Noticed an octopode
    12 | D:1      | Noticed a human
    14 | D:1      | Noticed a spriggan
    14 | D:1      | Noticed a dwarf
    16 | D:1      | Noticed a merfolk
    16 | D:1      | Noticed a troll
    18 | D:1      | Noticed a minotaur
    18 | D:1      | Noticed a halfling
    20 | D:1      | Noticed a gargoyle
    20 | D:1      | Noticed a formicid
    22 | D:1      | Noticed a demonspawn
    22 | D:1      | Noticed a vine stalker
    24 | D:1      | Noticed a felid
    26 | D:1      | Noticed a ghoul
    46 | D:1      | Slain by a hobgoblin

Action                   || total
-------------------------++-------
Melee: Dagger            ||     4
       Bite              ||     1
 Cast: Corona            ||     2
Armor: Robe              ||     4
Dodge: Dodged            ||     9
